 Dungeon Crawl Stone Soup version 0.22.1-1-ga44c0e56f4 (webtiles) character file.

3241 Pocketmage the Basher (level 9, 0/82 HPs)
             Began as a Minotaur Berserker on Sept 27, 2018.
             Was an Elder of Trog.
             Slain by Harold
             ... wielding a +0 hand axe
              (6 damage)
             ... on level 8 of the Dungeon.
             The game lasted 00:34:14 (5611 turns).

Pocketmage the Basher (Minotaur Berserker)          Turns: 5611, Time: 00:34:14

Health: 0/82       AC: 13    Str: 30    XL:     9   Next: 67%
Magic:  8/8        EV: 11    Int:  5    God:    Trog [****..]
Gold:   234        SH:  3    Dex: 10    Spells: 8/8 levels left

rFire    . . .     SeeInvis .   a - +0 mace
rCold    + . .     Gourm    .   L - +0 buckler
rNeg     + . .     Faith    .   n - +1 chain mail {rC+}
rPois    .         Spirit   .   (helmet restricted)
rElec    .         Reflect  .   v - +0 cloak
rCorr    .         Harm     .   G - +0 pair of gloves
MR       .....                  (no boots)
Stlth    ..........             w - amulet of regeneration
HPRegen  0.63/turn              h - +6 ring of strength
MPRegen  0.11/turn              x - ring of positive energy

@: lethally poisoned (0 -> -3), about to teleport, berserk cooldown, slowed,
very slow
A: retaliatory headbutt, horns 2
a: Berserk, Trog's Hand, Brothers in Arms, Renounce Religion


You were on level 8 of the Dungeon.
You worshipped Trog.
Trog was greatly pleased with you.
You were very hungry.

You visited 1 branch of the dungeon, and saw 8 of its levels.
You also visited: Ossuary.

You collected 534 gold pieces.
You spent 300 gold pieces at shops.

Inventory:

Hand Weapons
 a - a +0 mace (weapon)
 d - a +0 scythe of freezing
Armour
 b - a +0 animal skin
 m - a +1 robe of magic resistance
 n - a +1 chain mail of cold resistance (worn)
 r - a +0 scale mail of poison resistance
 u - a scarf of cloud immunity
 v - a +0 cloak (worn)
 G - a +0 pair of gloves (worn)
 L - a +0 buckler (worn)
Jewellery
 h - a +6 ring of strength (left hand)
 l - an uncursed ring of stealth
 w - an amulet of regeneration (around neck)
 x - a ring of positive energy (right hand)
 I - an uncursed ring of wizardry {unknown}
 K - an uncursed amulet of magic regeneration
Wands
 p - a wand of iceblast (11)
 y - a wand of flame (32)
 B - a wand of acid (5)
Scrolls
 e - 3 scrolls of identify
 i - 3 scrolls of teleportation
 k - a scroll of magic mapping {unknown}
 s - 2 scrolls of enchant armour
 A - 3 scrolls of remove curse
 H - a scroll of acquirement {unknown}
 J - a scroll of immolation {unknown}
Potions
 f - 2 potions of agility
 g - 10 potions of curing
 j - a potion of might {unknown}
 o - 2 potions of haste
 q - 4 potions of brilliance
 t - 3 potions of lignification
 z - 2 potions of flight
 C - a potion of invisibility
 D - a potion of degeneration {unknown}
 E - a potion of heal wounds
 F - a potion of resistance
Comestibles
 c - 8 rations


   Skills:
 + Level 8.5 Fighting
 * Level 11.2 Maces & Flails
 + Level 6.2 Armour
 + Level 7.3 Dodging
 + Level 0.0 Shields


You had 8 spell levels left.
You didn't know any spells.
Your spell library was empty.

Dungeon Overview and Level Annotations

Branches:
Dungeon (8/15)             Temple (0/1) D:6
   Lair: D:8-11

Altars:
Qazlal

Shops:
D:6 !   D:7 (

Annotations:
D:8 Erica, Harold


Innate Abilities, Weirdness & Mutations

You reflexively headbutt those who attack you in melee.
You have a pair of horns on your head.


Message History

Something hits you. Something burns you.
The adder bites you but does no damage.
Your skin stops crawling.
You feel less resistant to hostile enchantments.
Harold hits you with a hand axe!
* * * LOW HITPOINT WARNING * * *
You open the door. The adder closely misses you.
Harold hits you with a hand axe!
* * * LOW HITPOINT WARNING * * *
You hear some strange, mumbled words.
A bolt of poison appears from out of thin air!
The bolt of poison hits you!
You are poisoned.
* * * LOW HITPOINT WARNING * * *
The adder bites you but does no damage.
As you read the scroll of teleportation, it crumbles to dust.
You feel strangely unstable.
You feel very sick. Harold hits you with a hand axe.
You die...

......................
#.#........####..#####.
###.#........# #..#
...+........# #..#
#.#........# #..#
#..........# #..#
#..........# #..#
#........@S# ..#
#........@.#
#.....#'####'##
###..##.# #.# #..
#.####.#####.. ...
#............. ....
#######)##.... ....
#(....)).+ . ....
#.#####)## #.# #.#


You could see Harold and an adder.

Vanquished Creatures
  A hydra (D:7)
  A hippogriff (D:7)
  Sigmund (D:2)
  A hungry ghost (D:7)
  A water moccasin (D:7)
  An orc warrior (D:7)
  2 sky beasts
  A phantom (D:6)
  3 ogres
  2 bullfrogs
  A howler monkey (D:4)
  A crimson imp (D:8)
  A centaur zombie (D:7)
  A bullfrog zombie (D:7)
  A hound (D:7)
  2 human zombies (D:5)
  2 jellies
  2 orc priests
  6 orc wizards
  A bullfrog skeleton (D:5)
  3 human skeletons (D:5)
  5 iguanas
  Ijyb (D:5)
  A worker ant (D:6)
  Terence (D:3)
  12 mummies (Ossuary)
  A worker ant zombie (D:5)
  A howler monkey skeleton (D:5)
  A howler monkey zombie (D:5)
  6 gnolls
  5 adders
  2 oozes
  A worm (D:3)
  4 leopard geckos
  34 orcs
  4 ball pythons
  5 bats
  2 giant cockroaches
  12 goblins
  7 hobgoblins
  15 jackals
  4 quokkas
  A ball python skeleton (D:4)
  4 frilled lizards
  A gnoll skeleton (Ossuary)
  3 goblin skeletons (Ossuary)
  7 kobolds
  3 kobold skeletons (Ossuary)
  An orc skeleton (Ossuary)
  An orc zombie (D:5)
  A quokka skeleton (D:5)
  3 rats
  11 rat skeletons (Ossuary)
195 creatures vanquished.

Vanquished Creatures (others)
  An adder (D:8)
1 creature vanquished.

Grand Total: 196 creatures vanquished

Notes
Turn   | Place    | Note
-------+----------+-------------------------------------------
     0 | D:1      | Pocketmage the Minotaur Berserker began the quest for the
                  | Orb.
     0 | D:1      | Reached XP level 1. HP: 19/19 MP: 0/0
    38 | D:1      | Reached skill level 4 in Maces & Flails
    46 | D:1      | Reached XP level 2. HP: 26/27 MP: 1/1
   452 | D:1      | Reached XP level 3. HP: 33/33 MP: 2/2
   573 | D:2      | Noticed Sigmund
   624 | D:2      | Killed Sigmund
   624 | D:2      | Reached ** piety under Trog
   624 | D:2      | Reached skill level 5 in Maces & Flails
   624 | D:2      | Reached XP level 4. HP: 41/41 MP: 3/3
   624 | D:2      | Reached XP level 5. HP: 47/47 MP: 4/4
   744 | D:2      | Reached skill level 6 in Maces & Flails
   870 | D:2      | Reached skill level 5 in Fighting
  1321 | D:3      | Reached XP level 6. HP: 16/56 MP: 5/5
  1800 | D:3      | Noticed Terence
  1808 | D:3      | Killed Terence
  2095 | D:4      | Reached skill level 7 in Maces & Flails
  2104 | D:4      | Reached *** piety under Trog
  2107 | D:4      | Reached XP level 7. HP: 62/62 MP: 6/6
  2558 | D:4      | Reached skill level 8 in Maces & Flails
  2558 | D:4      | Reached skill level 5 in Dodging
  3234 | D:5      | Entered Level 5 of the Dungeon
  3340 | D:5      | Found a stormy altar of Qazlal.
  3404 | D:5      | Noticed Ijyb
  3414 | D:5      | Killed Ijyb
  3491 | D:5      | Reached XP level 8. HP: 60/71 MP: 7/7
  3765 | D:5      | Found a sand-covered staircase.
  3847 | Ossuary  | Entered an ossuary
  3878 | Ossuary  | Reached skill level 9 in Maces & Flails
  3896 | Ossuary  | Reached **** piety under Trog
  4550 | D:6      | Found a staircase to the Ecumenical Temple.
  4655 | D:6      | Found Pajeup's Distillery.
  4658 | D:6      | Bought a potion of heal wounds for 60 gold pieces
  4658 | D:6      | Bought a potion of haste for 120 gold pieces
  4658 | D:6      | Bought a potion of agility for 48 gold pieces
  4658 | D:6      | Bought 2 potions of curing for 72 gold pieces
  4965 | D:7      | Noticed a hippogriff
  4972 | D:7      | Killed a hippogriff
  4972 | D:7      | Reached skill level 10 in Maces & Flails
  4974 | D:7      | Reached skill level 5 in Armour
  4974 | D:7      | Reached XP level 9. HP: 45/80 MP: 8/8
  5181 | D:7      | Noticed a four-headed hydra
  5188 | D:7      | Killed a four-headed hydra
  5188 | D:7      | Reached skill level 11 in Maces & Flails
  5269 | D:7      | Found Bete's Weapon Shoppe.
  5578 | D:8      | Noticed Erica
  5582 | D:8      | Noticed Harold
  5611 | D:8      | Slain by Harold

Skill      XL: |  1  2  3  4  5  6  7  8  9 |
---------------+----------------------------+-----
Maces & Flails | 4 5 6 7 8 10 11 | 11.2
Fighting       | 4 5 6 7 8 |  8.5
Dodging        | 3 4 5 6 7 |  7.3
Armour         | 3 5 6 |  6.2

Action                   |  1- 3 |  4- 6 |  7- 9 || total
-------------------------+-------+-------+-------++-------
Melee: Mace              |    38 |    79 |   303 ||   420
       Headbutt          |     4 |    13 |    78 ||    95
Invok: Berserk           |     3 |     4 |     7 ||    14
       Trog's Hand       |       |     3 |     8 ||    11
  Use: Scroll            |       |       |    17 ||    17
  Eat: Chunk             |     1 |     5 |    12 ||    18
       Ration            |       |     1 |     5 ||     6
Armor: Animal skin       |    11 |       |       ||    11
       Chain mail        |       |    26 |   123 ||   149
       Robe              |       |     2 |       ||     2
Dodge: Dodged            |    36 |    44 |   121 ||   201
Block: Buckler           |       |       |     4 ||     4
